Map: [ESL] Dragon Scales

Players

MaxPax - Winner!

  • Race: Protoss Protoss
  • Spawn Location: 11:00

Spirit

  • Race: Terran Terran
  • Spawn Location: 5:00

Event: ESL SC2 Masters 2023 Summer (Regionals)

VOD

Have the link to the VOD?

Description

Time

  • Played on: May 21, 2023, 1:59 p.m.
  • Length: 13:23

All games in this series

Show
View Real Time Build Order
Export as new Build Order

MaxPax Protoss - Winner!

Build Orders: 1 Gate Expand, Blink Stalkers 

Get SALT Encoding   

  12  0:00  Probe  
  13  0:12  Probe  
  14  0:16  Pylon  
  14  0:24  Probe (Chrono Boost)  
  16  0:35  Gateway  
  16  0:36  Probe (Chrono Boost)  
  16  0:43  Probe (Chrono Boost)  
  16  0:45  Assimilator  
  17  0:50  Probe  
  18  1:03  Probe  
  19  1:15  Probe  
  20  1:22  Cybernetics Core  
  22  1:30  Nexus  
  22  1:32  Probe  
  21  1:39  Pylon  
  21  1:44  Probe  
  22  1:50  Assimilator  
  22  1:55  Adept (Chrono Boost)  
  22  1:56  Probe  
  22  2:00  Warp Gate  
  25  2:08  Probe  
  25  2:15  Adept (Chrono Boost)  
  26  2:21  Probe  
  29  2:27  Twilight Council  
  29  2:34  Probe (Chrono Boost)  
  30  2:39  Gateway  
  30  2:42  Probe (Chrono Boost)  
  31  2:51  Probe (Chrono Boost)  
  33  2:52  Probe (Chrono Boost)  
  33  2:57  Probe x2 (Chrono Boost)  
  34  2:59  Blink (Chrono Boost)  
  35  3:09  Probe x2  
  37  3:15  Robotics Facility  
  37  3:21  Probe x2  
  39  3:29  Gateway  
  39  3:33  Probe x2  
  41  3:34  Gateway  
  41  3:41  Pylon  
  41  3:45  Probe x2  
  41  3:48  Stalker  
  45  3:55  Assimilator  
  45  3:57  Probe  
  45  3:59  Probe  
  47  4:03  Warp Prism (Chrono Boost)  
  47  4:05  Pylon  
  49  4:11  Probe  
  49  4:13  Stalker  
  49  4:16  Pylon  
  52  4:24  Stalker x2  
  52  4:30  Stalker  
  58  4:37  Pylon, Stalker  
  58  4:38  Observer  
  61  4:56  Stalker x3  
  67  5:05  Nexus  
  67  5:12  Probe  
  68  5:19  Stalker x2  
  68  5:20  Stalker x2  
  76  5:22  Probe  
  76  5:28  Probe  
  73  5:42  Probe  
  71  5:45  Pylon  
  71  5:46  Stalker x4  
  78  6:03  Probe x2  
  80  6:05  Pylon  
  80  6:06  Charge  
  80  6:11  Stalker x3  
  86  6:17  Probe x2  
  86  6:30  Probe (Chrono Boost)  
  87  6:34  Probe x2 (Chrono Boost)  
  87  6:36  Observer  
  91  6:41  Probe (Chrono Boost)  
  91  6:42  Gateway, Forge  
  91  6:43  Probe (Chrono Boost)  
  91  6:44  Probe (Chrono Boost)  
  91  6:45  Gateway  
  93  6:47  Probe (Chrono Boost)  
  93  6:48  Probe (Chrono Boost)  
  93  6:52  Probe  
  96  6:54  Stalker x2  
  96  6:55  Stalker x2  
  96  6:57  Pylon  
  96  6:58  Probe  
  96  7:00  Probe  
  96  7:01  Gateway, Assimilator  
  106  7:04  Probe  
  95  7:10  Warp Prism (Chrono Boost)  
  95  7:11  Probe, Protoss Ground Weapons Level 1 (Chrono Boost)  
  95  7:12  Observer  
  96  7:19  Gateway  
  96  7:22  Zealot x2, Templar Archives  
  100  7:25  Zealot x2  
  104  7:38  Shield Battery  
  104  7:43  Pylon, Zealot x2, Sentry  
  110  7:45  Nexus  
  110  7:46  Probe  
  110  7:47  Assimilator  
  111  7:51  Psionic Storm  
  111  7:54  Observer  
  111  7:55  Pylon  
  111  7:57  Observer  
  111  7:58  Zealot x3  
  111  8:01  Pylon  
  111  8:04  High Templar  
  119  8:07  Probe x2  
  121  8:12  Pylon  
  121  8:13  Probe  
  121  8:18  Pylon  
  122  8:22  High Templar  
  122  8:25  Gateway  
  122  8:27  High Templar  
  122  8:28  Zealot x4  
  122  8:34  Probe  
  131  8:43  Zealot x2  
  131  8:45  Probe  
  136  8:51  Probe, Observer  
  137  8:55  Protoss Ground Weapons Level 2 (Chrono Boost)  
  137  8:56  Gateway  
  137  8:58  Pylon  
  137  9:04  Forge  
  137  9:05  Pylon  
  137  9:08  High Templar x2  
  137  9:09  Zealot x5  
  151  9:14  Archon  
  151  9:15  Probe  
  152  9:17  Probe  
  152  9:19  Observer  
  152  9:20  Robotics Bay  
  152  9:21  Pylon  
  153  9:25  Probe x2  
  153  9:28  Shield Battery  
  153  9:30  High Templar  
  157  9:32  Pylon, Photon Cannon  
  157  9:36  Pylon  
  155  9:47  Photon Cannon  
  155  9:49  Stalker x2  
  155  9:50  Nexus  
  155  9:51  Probe, Protoss Ground Armor Level 1 (Chrono Boost)  
  160  9:55  Observer (Chrono Boost)  
  160  9:57  Zealot x4  
  169  10:03  Stalker x2  
  169  10:06  Stalker  
  169  10:18  Pylon, Zealot x6  
  181  10:22  Colossus (Chrono Boost)  
  183  10:36  Probe  
  162  10:43  Zealot x4  
  162  10:44  Zealot x3  
  162  10:49  Extended Thermal Lance  
  168  10:52  Probe  
  169  10:59  Colossus (Chrono Boost)  
  169  11:00  Zealot x3  
  169  11:01  Probe  
  180  11:15  Zealot x5  
  180  11:16  Zealot x2  
  186  11:23  Probe  
  179  11:26  Probe x3  
  179  11:28  Photon Cannon  
  179  11:29  Shield Battery  
  180  11:33  Robotics Facility  
  180  11:35  Zealot  
  180  11:36  Zealot x7  
  180  11:37  Observer (Chrono Boost)  
  180  11:38  Probe  
  164  11:56  Zealot x3  
  164  11:57  Zealot x4  
  164  12:00  Zealot x2, Colossus (Chrono Boost)  
  182  12:11  Zealot  
  182  12:13  Probe x2  
  174  12:24  Zealot x5  
  174  12:25  Zealot x2  
  174  12:26  Disruptor (Chrono Boost)  
  187  12:31  Nexus  
  187  12:33  Pylon  
  187  12:37  Zealot  
  187  12:38  Zealot x2  
  187  12:41  Gateway  
  187  12:43  Gateway  
  194  12:45  Observer (Chrono Boost)  
  189  12:57  Stalker x3  
  189  12:58  Zealot x3, Stalker  
  169  13:06  Probe  
  164  13:17  Nexus  
  164  13:18  Pylon  
Show
View Real Time Build Order
Export as new Build Order

Spirit Terran 

Build Orders:  

Get SALT Encoding   

  12  0:00  SCV  
  13  0:12  SCV  
  14  0:16  Supply Depot  
  14  0:24  SCV  
  15  0:38  SCV  
  15  0:39  Barracks  
  16  0:44  Refinery  
  16  0:50  SCV  
  17  1:02  SCV  
  18  1:14  SCV  
  19  1:26  Orbital Command, Marine  
  20  1:41  Command Center  
  20  1:45  Barracks Reactor  
  20  1:53  SCV  
  21  1:55  Supply Depot  
  21  2:05  SCV  
  22  2:17  SCV  
  22  2:21  Marine x2  
  25  2:25  Command Center  
  25  2:29  SCV  
  26  2:36  Factory  
  26  2:38  Marine  
  26  2:41  Marine  
  28  2:44  SCV  
  29  2:53  Orbital Command  
  29  2:58  Bunker  
  29  3:00  SCV  
  29  3:03  Marine  
  31  3:06  Marine  
  31  3:12  SCV  
  33  3:17  Barracks  
  34  3:20  SCV  
  34  3:23  Factory Tech Lab  
  34  3:24  SCV  
  34  3:26  Marine  
  36  3:32  SCV  
  36  3:34  Supply Depot  
  37  3:36  SCV  
  37  3:38  Orbital Command  
  38  3:42  Marine  
  38  3:44  SCV  
  38  3:48  Siege Tank  
  43  3:49  SCV  
  43  3:55  Marine  
  44  3:56  SCV  
  44  4:01  Refinery  
  46  4:04  Barracks, Barracks Tech Lab  
  46  4:05  SCV  
  47  4:11  Engineering Bay, SCV  
  47  4:13  SCV  
  47  4:16  Refinery  
  50  4:17  SCV  
  50  4:21  Siege Tank  
  50  4:23  Marine  
  54  4:24  SCV  
  54  4:26  SCV  
  54  4:31  SCV  
  57  4:35  Supply Depot  
  57  4:36  SCV  
  59  4:38  Missile Turret  
  59  4:42  Bunker  
  59  4:43  Bunker  
  58  4:46  Marine  
  58  4:48  Marine  
  58  4:49  SCV  
  58  4:50  Marine  
  62  4:53  Stimpack  
  62  4:55  Marine  
  62  5:01  Siege Tank  
  62  5:03  SCV  
  62  5:04  Marine, SCV  
  62  5:06  Marine  
  69  5:07  Refinery  
  69  5:08  Marine  
  69  5:09  SCV, Supply Depot  
  69  5:13  Marine  
  70  5:15  SCV  
  70  5:19  SCV  
  69  5:21  Marine, SCV  
  69  5:24  Marine  
  69  5:26  Marine  
  69  5:27  SCV  
  70  5:31  SCV, Marine  
  65  5:39  Marine, SCV  
  65  5:42  Marine, Siege Tank  
  67  5:44  Marine, SCV  
  67  5:45  SCV  
  70  5:50  Marine  
  70  5:51  SCV  
  70  5:56  SCV  
  72  5:57  Marine  
  72  5:58  SCV  
  72  5:59  Marine  
  72  6:02  Marine  
  77  6:08  Marine  
  77  6:12  Orbital Command  
  77  6:13  SCV x2, Supply Depot  
  77  6:14  Siege Tank  
  77  6:16  Marine  
  83  6:19  Marine  
  83  6:24  Marine  
  83  6:25  SCV  
  84  6:33  Combat Shield  
  84  6:37  SCV  
  86  6:40  SCV  
  83  6:47  Marine, Marauder  
  83  6:51  SCV x2  
  86  6:56  SCV, Starport  
  86  6:57  Terran Infantry Weapons Level 1  
  86  7:00  Refinery  
  87  7:02  Marine  
  87  7:03  SCV x2  
  87  7:04  Factory Reactor  
  87  7:09  Marine, Marauder  
  87  7:12  Marine  
  91  7:16  Barracks, SCV x2  
  91  7:18  Barracks  
  91  7:20  Supply Depot  
  91  7:22  Supply Depot  
  93  7:25  Supply Depot  
  93  7:28  Concussive Shells  
  93  7:36  Marine, Marauder x2, SCV x3  
  101  7:37  Supply Depot  
  101  7:44  Medivac x2  
  105  7:48  SCV x3  
  105  7:49  Factory Reactor  
  105  7:50  Supply Depot  
  108  7:51  Marine  
  108  7:57  Supply Depot  
  109  7:59  Supply Depot  
  109  8:00  SCV  
  110  8:07  Orbital Command, Barracks Tech Lab  
  110  8:08  Barracks Reactor  
  110  8:13  Supply Depot  
  110  8:15  Supply Depot  
  110  8:16  SCV x2  
  110  8:17  Marine  
  110  8:19  Marine  
  115  8:20  Marauder, Medivac x2  
  115  8:26  Widow Mine x2  
  123  8:28  SCV x2  
  123  8:33  SCV  
  126  8:34  Marine  
  126  8:37  Marine  
  126  8:38  Marine  
  126  8:39  Marine  
  126  8:40  SCV  
  126  8:41  SCV  
  129  8:45  SCV  
  129  8:46  Marine  
  129  8:48  Widow Mine x2  
  135  8:50  Viking  
  135  8:51  Terran Infantry Armor Level 1  
  135  8:53  SCV x2  
  139  8:56  Ghost Academy  
  139  8:57  Armory  
  139  9:03  Sensor Tower, Refinery  
  139  9:05  Marine, Refinery  
  139  9:08  Marauder  
  142  9:10  Widow Mine  
  142  9:12  Widow Mine  
  146  9:17  Bunker  
  146  9:19  Missile Turret  
  145  9:28  Marine, Command Center  
  146  9:32  Widow Mine  
  146  9:33  Marine  
  146  9:34  Widow Mine  
  146  9:35  Marine  
  146  9:36  Marine x2  
  146  9:37  Marine  
  154  9:46  Medivac x2  
  159  9:53  Widow Mine  
  159  9:55  Widow Mine  
  159  9:57  Ghost x2  
  165  10:02  Ghost  
  157  10:14  Supply Depot  
  157  10:15  Widow Mine, Supply Depot  
  157  10:16  Widow Mine  
  157  10:20  SCV x2  
  157  10:21  Medivac, Supply Depot  
  165  10:33  Ghost x2  
  165  10:34  Marine  
  170  10:36  Widow Mine, Marine, Marauder  
  170  10:37  Marine  
  170  10:38  Widow Mine  
  170  10:42  Marine  
  147  10:44  Medivac  
  143  10:52  Marine  
  143  10:54  Marine  
  143  10:55  Marine  
  143  10:57  Widow Mine, SCV x2  
  148  10:58  Marauder  
  148  10:59  Widow Mine, Terran Infantry Weapons Level 2  
  148  11:01  Marine  
  148  11:02  Marauder  
  148  11:03  Marauder  
  145  11:11  Medivac  
  145  11:13  SCV  
  145  11:14  Medivac  
  145  11:16  SCV  
  148  11:23  SCV  
  142  11:29  Bunker  
  142  11:31  SCV, Planetary Fortress  
  143  11:33  SCV  
  143  11:34  Marine  
  143  11:37  SCV  
  132  11:49  Factory Tech Lab  
  132  11:50  Marine  
  132  11:51  Marauder  
  132  11:52  Marine  
  125  11:55  Marine x4  
  126  12:03  SCV  
  126  12:04  Orbital Command  
  111  12:08  Marine  
  111  12:10  Marine  
  111  12:11  SCV  
  111  12:12  Marauder  
  111  12:13  Marine x4  
  111  12:15  SCV  
  120  12:26  Marine  
  120  12:28  Marine, Viking  
  122  12:30  Marine x2  
  122  12:31  Marauder  
  122  12:32  Marine  
  122  12:33  Marine  
  126  12:44  Marine  
  126  12:46  Marine  
  126  12:51  Marauder  
  126  12:55  Marauder  
  126  12:56  Marine  
  126  12:58  Marine  
  104  12:59  Marauder  
  104  13:02  Marine  
  104  13:04  Marine  
Tags
 
Add a new tag
Caveats
  • Supply blocks, unpowered buildings, or Contaminate may cause inaccurate times.
  • Supply counts are checked every 10 seconds.